 Dungeon Crawl Stone Soup version 0.31-a0-627-gd65175cf8b (webtiles) character file.

Game seed: 12378741040319396545

1916 Ijustatesigmund the Fighter (level 9, -1/59 HPs)
             Began as a Gargoyle Fighter on Aug 25, 2023.
             Killed from afar by a white imp (3 damage)
             ... with a puff of frost
             ... on level 6 of the Dungeon.
             The game lasted 00:09:16 (5093 turns).

Ijustatesigmund the Fighter (Gargoyle Fighter)      Turns: 5093, Time: 00:09:17

Health: -1/59      AC: 15    Str: 20 (23) XL:     9   Next: 16%
Magic:  9/9        EV: 10    Int:  9 (10) God:
Gold:   159        SH:  4    Dex:  7 (9)  Spells: 8/8 levels left

rFire   . . .        a - +1 flail (spect)
rCold   . . .        c - +0 buckler
rNeg    + . .        b - +0 scale mail
rPois   ∞            (no helmet)
rElec   +            (no cloak)
rCorr   .            h - +0 pair of gloves
SInv    .            (no boots)
Will    .....        (no amulet) Stlth
                     (no ring)
HPRegen 0.29/turn    (no ring)
MPRegen 0.11/turn

%: no passive effects
@: mighty
A: sickness immunity, AC +6, negative energy resistance 1, electricity
resistance, torment resistance 1, petrification resistance
a: no special abilities


You were on level 6 of the Dungeon.
You visited 1 branch of the dungeon, and saw 6 of its levels.
You also visited: Sewer.

You collected 245 gold pieces.
You spent 86 gold pieces at shops.

Inventory:

Hand Weapons
 a - a +1 spectral flail (weapon)
Armour
 b - a +0 scale mail (worn)
 c - a +0 buckler (worn)
 h - a +0 pair of gloves (worn)
Jewellery
 o - a ring of ice
Wands
 i - a wand of paralysis (10)
 w - a wand of roots (2)
Scrolls
 e - a scroll of poison
 f - a scroll of teleportation
 g - a scroll of fog
 l - 2 scrolls of amnesia
 x - a scroll of brand weapon
Potions
 d - a potion of might
 j - 2 potions of cancellation
 m - a potion of mutation
 n - a potion of magic
 p - a potion of attraction {unknown}
 q - a potion of invisibility {unknown}
 r - a potion of brilliance {unknown}
 s - a potion of degeneration
 t - a potion of enlightenment {unknown}
 v - 2 potions of ambrosia {unknown}


   Skills:
 + Level 8.1 Fighting
 + Level 7.0 Maces & Flails
 + Level 6.1 Armour
 + Level 3.7 Dodging
 - Level 3.2 Shields


You had 8 spell levels left.
You didn't know any spells.
Your spell library contained the following spells:

 Spells                   Type           Power      Damage    Failure   Level
 Apportation              Tloc           0%         N/A       80%         1
 Necrotise                Necr           0%         1d4       80%         1
 Summon Small Mammal      Summ           0%         N/A       80%         1
 Wereblood                Tmut           0%         N/A       90%         2
 Irradiate                Conj/Tmut      0%         3d11      100%        5


Dungeon Overview and Level Annotations

Branches:
Dungeon (6/15)             Temple (0/1) D:6           Sewer (visited)

Altars:
Kikubaaqudgha

Shops:
D:3 (:*[   D:4 :


Innate Abilities, Weirdness & Mutations

You are immune to sickness and miasma.
Your stone body is resilient. (AC +6)
You are immune to poison.
You resist negative energy. (rN+)
You are resistant to electric shocks. (rElec)
You are resistant to unholy torment.
You are immune to petrification.


Message History

The sleepcap releases spores at you but does no damage.
Items here: )) [[ †.
You sock the sleepcap!
The sleepcap is moderately damaged.
The white imp grins evilly.
You block the sleepcap's attack.
The phantom hits you but does no damage.
You hit the sleepcap.
The sleepcap is moderately damaged.
The white imp hits you. The white imp freezes you.
* * * LOW HITPOINT WARNING * * *
The sleepcap releases spores at you but does no damage.
The phantom hits you but does no damage.
You feel very mighty all of a sudden. The white imp barely misses you.
The sleepcap closely misses you. You block the phantom's attack.
You sock the sleepcap!
The sleepcap is almost destroyed.
The white imp gestures at you. The puff of frost hits you!
* * * LOW HITPOINT WARNING * * *
The sleepcap releases spores at you but does no damage.
The phantom closely misses you.
The white imp hits you but does no damage.
You hit the sleepcap.
The sleepcap is almost destroyed.
The phantom closely misses you.
The sleepcap releases spores at you but does no damage.
The white imp gestures at you. The puff of frost hits you.
* * * LOW HITPOINT WARNING * * *
It was a potion of degeneration.
There was something very wrong with that liquid.
You feel weakened.
You feel dopey.
You feel clumsy. The phantom hits you.
* * * LOW HITPOINT WARNING * * *
The sleepcap closely misses you. The white imp gestures at you.
The puff of frost hits you.
You die...

.........###.#,*,,,,,,,,,,*,,,*,,
.......#####.#.#.......,,,*,,,*,,
.......#####.#.##.....,,,,*,,,*,,
.......#####.$.......,,,,,,,,,,,,
.......<............,,,,,,,,,**,,
.......#######.....,,,,,,*,,,*,,,
#.##...........##.#**,,,,*,,,*,,,
.>##.#)######.###W###.##..,,,,,,,
#.............)f@5........,,**,,,
#..#.#.######.###.##......,,,,,,,
#..#.#........# #.#**.####,,,,,,,
...........#..# #.# *,# *,,,,∩,,
#..#.#######..# #.# *,* *,,,,,,,
.....#######..#*#.#**,****,,,,,,,
#....#######...,...,,,,,,,,,**,,*
*..#,******#..#*#.#**,****,,,,,,,
**,,,,,,,,,,,,***,***,****,,,,,,*


You could see a phantom, a sleepcap and a white imp.

Vanquished Creatures
  Pikel (D:5)
  Grinder (D:5)
  Sigmund (D:5)
  Menkaure (D:5)
  A water moccasin (D:6)
  An orc warrior (D:6)
  An ice beast (D:4)
  2 ogres (D:4)
  A phantom (D:5)
  3 hounds
  A sleepcap (D:4)
  Terence (D:2)
  Natasha (thrice) (D:3)
  10 adders
  3 gnolls (D:2)
  A river rat (Sewer)
  A worm (D:2)
  A dart slug (D:1)
  5 orcs
  5 ball pythons
  2 endoplasms
  3 giant cockroaches
  9 goblins
  3 hobgoblins
  7 jackals
  4 kobolds
  2 quokkas
  3 bats
  8 frilled lizards
  13 rats
98 creatures vanquished.

Notes
Turn   | Place    | Note
-------+----------+-------------------------------------------
     0 | D:1      | Ijustatesigmund the Gargoyle Fighter began the quest for
                  | the Orb.
     0 | D:1      | Reached XP level 1. HP: 14/14 MP: 1/1
   233 | D:1      | Reached XP level 2. HP: 12/19 MP: 2/2
   613 | D:2      | Reached XP level 3. HP: 19/24 MP: 3/3
   651 | D:2      | Reached skill level 4 in Fighting
  1374 | D:2      | Reached XP level 4. HP: 15/30 MP: 4/4
  1697 | D:2      | Noticed Terence
  1702 | D:2      | Killed Terence
  1782 | D:3      | Noticed Natasha
  1793 | D:3      | HP: 1/30 [Natasha (4)]
  1795 | D:3      | Killed Natasha
  1796 | D:3      | Reached XP level 5. HP: 1/34 MP: 5/5
  2006 | D:3      | Found Irytzit's Book Emporium.
  2007 | D:3      | Found Ajeixtat's Antique Weapon Shop.
  2052 | D:3      | Found Risoagej's General Store.
  2104 | D:3      | Found Gocae's Assorted Antiques.
  2118 | D:3      | Found Oxen Rah's Antique Armour Boutique.
  2120 | D:3      | Bought a scroll labelled TEUKUO NU NIH for 23 gold pieces
  2120 | D:3      | Bought a smoky pink potion for 20 gold pieces
  2120 | D:3      | Bought a fuming yellow potion for 20 gold pieces
  2120 | D:3      | Bought a scroll labelled NYRYHOPUJI for 23 gold pieces
  2449 | D:3      | Reached skill level 5 in Fighting
  2481 | D:3      | Noticed Natasha
  2485 | D:3      | Killed Natasha
  2618 | D:3      | Noticed Natasha
  2623 | D:3      | Killed Natasha
  2782 | D:4      | Found Buthrima's Self-Improvement Boutique.
  2797 | D:4      | Reached XP level 6. HP: 41/41 MP: 6/6
  2862 | D:4      | Reached skill level 6 in Fighting
  2946 | D:4      | Reached skill level 5 in Maces & Flails
  3008 | D:4      | Noticed an ice beast
  3028 | D:4      | Killed an ice beast
  3029 | D:4      | Reached XP level 7. HP: 24/46 MP: 7/7
  3850 | D:4      | Reached skill level 1 in Dodging
  3968 | D:5      | Entered Level 5 of the Dungeon
  4001 | D:5      | Noticed Pikel
  4029 | D:5      | Killed Pikel
  4030 | D:5      | Reached skill level 7 in Fighting
  4030 | D:5      | Reached XP level 8. HP: 35/53 MP: 8/8
  4082 | D:5      | Found a glowing drain.
  4102 | Sewer    | Entered a sewer
  4479 | D:5      | Noticed Grinder
  4487 | D:5      | Killed Grinder
  4488 | D:5      | Reached skill level 5 in Armour
  4757 | D:5      | Found an ancient bone altar of Kikubaaqudgha.
  4769 | D:5      | Noticed Sigmund
  4779 | D:5      | Killed Sigmund
  4792 | D:5      | Noticed Menkaure
  4797 | D:5      | Killed Menkaure
  4963 | D:5      | Reached XP level 9. HP: 59/59 MP: 9/9
  5059 | D:6      | Reached skill level 8 in Fighting
  5093 | D:6      | HP: 2/59 [phantom (2)]
  5093 | D:6      | Killed from afar by a white imp

Illustrated notes

Levels and vault maps discovered:
D:1:      shiori_arrival_elements, layout_basic
D:2:      layout_rooms, dk_noncrumbling_3, uniq_terence
D:3:      layout_basic, serial_shops, shop, shop, shop, shop, shop, uniq_natasha
D:4:      layout_cave_pools, dk_vineyard_2, nicolae_shop_self_help
D:5:      layout_cave_pods, nicolae_kikubaaqudgha_miasma_corner,
          portal_sewer_entry_d, uniq_menkaure, uniq_grinder, uniq_sigmund,
          uniq_pikel
D:6:      layout_basic, minmay_temple_entry_statues_pillars, enter_ossuary_1,
          minivault_22, nicolae_figureground_pulse

Skill      XL: |  1  2  3  4  5  6  7  8  9 |
---------------+----------------------------+-----
Fighting       | 4 5 6 7 8 |  8.1
Maces & Flails | 3 4 5 6 7 |  7.0
Dodging        | 2 3 |  3.7
Armour         | 4 5 6 |  6.1
Shields        | |  3.2

Action                     |  1- 3 |  4- 6 |  7- 9 || total
---------------------------+-------+-------+-------++-------
  Melee: Flail             |   113 |   119 |   144 ||   376
  Throw: Throwing net      |       |       |     1 ||     1
    Use: Scroll            |       |    10 |     9 ||    19
         Potion            |       |       |     5 ||     5
   Stab: Held in net/web   |       |       |     1 ||     1
 Armour: Scale mail        |    65 |    82 |    64 ||   211
  Dodge: Dodged            |    51 |    45 |    67 ||   163
  Block: Buckler           |    23 |    25 |    26 ||    74

Table legend: (Time is in decaauts)
 A = Elapsed time spent in this place.
 B = Non-inter-level travel time spent in this place.
 C = Inter-level travel time spent in this place.
 D = Time resting spent in this place.
 E = Time spent auto-exploring this place.
 F = Levels seen in this place.
 G = Mean time per level.
                   A        B        C        D        E       F      G
               +--------+--------+--------+--------+--------+-----+--------+
         Total |   5224 |   4862 |    362 |   1372 |   2543 |   7 |  746.3 |
       Dungeon |   4917 |   4555 |    362 |   1367 |   2340 |   6 |  819.5 |
         Sewer |    307 |    307 |      0 |      5 |    202 |   1 |  307.0 |
               +--------+--------+--------+--------+--------+-----+--------+

Top non-repeatable levels by time:
     D:2: 1333 daAuts
     D:3: 1130 daAuts
     D:4: 989 daAuts
     D:5: 830 daAuts
     D:1: 584 daAuts
   Sewer: 307 daAuts
     D:6: 48 daAuts
